 Dungeon Crawl Stone Soup version 0.31-a0-889-g1a8549509d (webtiles) character file.

Game seed: 11485233803802118845

520 Azuregosa the Cutter (level 7, -4/56 HPs)
             Began as a Gnoll Wanderer on Oct 16, 2023.
             Slain by Xenophilius's ghost (17 damage)
             ... on level 5 of the Dungeon.
             The game lasted 00:09:18 (4147 turns).

Azuregosa the Cutter (Gnoll Wanderer)               Turns: 4147, Time: 00:09:19

Health: -4/56      AC: 12    Str: 16    XL:     7   Next: 21%
Magic:  10/10      EV:  5    Int: 11    God:
Gold:   270        SH:  0    Dex:  9    Spells: 10/10 levels left

rFire   . . .        f - +2 dagger (venom)
rCold   + . .        (no shield)
rNeg    . . .        v - +0 plate armour
rPois   .            (no helmet)
rElec   .            n - +0 cloak
rCorr   .            (no gloves)
SInv    .            (no boots)
Will    .....        (no amulet) Stlth
                     g - ring of protection from cold
HPRegen 0.29/turn    (no ring)
MPRegen 0.12/turn

%: no passive effects
@: no status effects
A: fangs 1, strong nose, distributed training
a: no special abilities


You were on level 5 of the Dungeon.
You visited 1 branch of the dungeon, and saw 6 of its levels.

You collected 270 gold pieces.

Inventory:

Hand Weapons
 a - a +2 short sword
 b - a +0 hand axe
 f - a +2 dagger of venom (weapon)
 r - a +2 dagger of freezing
Armour
 c - a +0 scale mail
 n - a +0 cloak (worn)
 v - a +0 plate armour (worn)
 x - a +1 helmet
Jewellery
 g - a ring of protection from cold (left hand)
Talismans
 y - a maw talisman
Wands
 p - a wand of flame (23)
 z - a wand of light (8)
Scrolls
 d - 2 scrolls of fear
 h - 4 scrolls of teleportation {unknown}
 i - 3 scrolls of revelation {unknown}
 k - 3 scrolls of immolation {unknown}
 m - a scroll of identify {unknown}
 o - a scroll of vulnerability {unknown}
 q - a scroll of blinking {unknown}
Potions
 e - a potion of lignification {unknown}
 j - a potion of ambrosia {unknown}
 s - a potion of haste {unknown}
 t - a potion of brilliance {unknown}
 u - a potion of invisibility {unknown}
 w - a potion of curing {unknown}


   Skills:
 + Level 5.2 Fighting
 + Level 7.0 Short Blades
 + Level 2.4 Long Blades
 + Level 5.2 Axes
 + Level 2.4 Maces & Flails
 + Level 2.4 Polearms
 + Level 2.4 Staves
 + Level 2.4 Ranged Weapons
 + Level 2.4 Throwing
 + Level 3.5 Armour
 + Level 5.2 Dodging
 + Level 2.4 Stealth
 + Level 2.4 Shields
 + Level 2.4 Unarmed Combat
 + Level 2.4 Spellcasting
 + Level 2.0 Conjurations
 + Level 2.0 Hexes
 + Level 2.0 Summonings
 + Level 2.0 Necromancy
 + Level 2.0 Translocations
 + Level 2.0 Transmutations
 + Level 2.0 Fire Magic
 + Level 2.0 Ice Magic
 + Level 2.0 Air Magic
 + Level 2.0 Earth Magic
 + Level 2.0 Poison Magic
 + Level 2.6 Invocations
 + Level 2.4 Evocations
 + Level 2.2 Shapeshifting


You had 10 spell levels left.
You didn't know any spells.
Your spell library contained the following spells:

 Spells                   Type           Power      Damage    Failure   Level
 Brom's Barrelling Bould  Conj/Erth      5%         2d3       100%        4
 Fireball                 Conj/Fire      2%         3d4       100%        5
 Iskenderun's Battlesphe  Conj           5%         2d6       100%        5
 Conjure Ball Lightning   Conj/Air       2%         3x3d6     100%        6
 Orb of Destruction       Conj           2%         9d5       100%        7


Dungeon Overview and Level Annotations

Branches:
Dungeon (6/15)
 Temple: D:4-7

Altars:
Elyvilon
Fedhas
Kikubaaqudgha
Qazlal
Wu Jian

Annotations:
D:5 Xenophilius's ghost, amateur TeRe


Innate Abilities, Weirdness & Mutations

You have very sharp teeth.
Your uncanny sense of smell can sniff out nearby items.
Your experience applies equally to all skills.


Message History

You hit Xenophilius's ghost. Your bite misses Xenophilius's ghost.
Xenophilius's ghost is lightly damaged.
You hit Xenophilius's ghost but do no damage.
Xenophilius's ghost is lightly damaged.
Xenophilius's ghost hits you but does no damage.
You are electrocuted!
You closely miss Xenophilius's ghost.
Xenophilius's ghost is lightly damaged.
You hit Xenophilius's ghost but do no damage.
Xenophilius's ghost is lightly damaged.
Xenophilius's ghost hits you.
You hit Xenophilius's ghost. Your bite misses Xenophilius's ghost.
Xenophilius's ghost is lightly damaged.
Xenophilius's ghost hits you.
You are electrocuted!
You closely miss Xenophilius's ghost. Your bite misses Xenophilius's ghost.
Xenophilius's ghost is lightly damaged.
You hit Xenophilius's ghost but do no damage.
You bite Xenophilius's ghost.
Xenophilius's ghost is lightly damaged.
Xenophilius's ghost hits you but does no damage.
You are electrocuted!
* * * LOW HITPOINT WARNING * * *
You feel much better.
Xenophilius's ghost hits you but does no damage.
Aiming: Throw Flame
Press: ? - help, Shift-Dir - straight line, f - Xenophilius's ghost
Aim: Xenophilius's ghost, wielding a weapon of electrocution (lightly damaged, 64% to hit)
The puff of flame hits Xenophilius's ghost.
Xenophilius's ghost is moderately damaged.
Xenophilius's ghost hits you but does no damage.
You are electrocuted!
* * * LOW HITPOINT WARNING * * *
Aiming: Throw Flame
Press: ? - help, Shift-Dir - straight line, f/p - Xenophilius's ghost
Aim: Xenophilius's ghost, wielding a weapon of electrocution (moderately damaged, 64% to hit)
The puff of flame hits Xenophilius's ghost.
Xenophilius's ghost is heavily damaged.
Xenophilius's ghost hits you but does no damage.
You are electrocuted!
You die...

#.##.....)...#
#.##.........#
#............#
##.##.........##
...............####
...#.........#....#
.#...........##...#
...#....########..#
.#.#....#~!~~~~W@.#
##.#....########.##
##.#........###..#
##.#........# ####
##.#........#
............#
....####.#### ....#
#.# ....## #.#


You could see Xenophilius's ghost.

Vanquished Creatures
  A bullfrog (D:5)
  A scorpion (D:5)
  A howler monkey (D:4)
  3 hounds (D:5)
  2 jellies (D:5)
  Robin (D:4)
  7 adders
  3 gnolls (D:2)
  2 ufetubi (D:4)
  5 dart slugs
  3 orcs
  8 ball pythons
  4 bats
  10 endoplasms
  2 giant cockroaches
  12 goblins
  12 hobgoblins
  2 quokkas
  4 frilled lizards
  4 kobolds
  4 rats
91 creatures vanquished.

Notes
Turn   | Place    | Note
-------+----------+-------------------------------------------
     0 | D:1      | Azuregosa the Gnoll Wanderer began the quest for the Orb.
     0 | D:1      | Azuregosa set off with the following items: a +2 short
                  | sword, a +0 hand axe, a +0 scale mail, a scroll of fear.
     0 | D:1      | Reached XP level 1. HP: 20/20 MP: 1/1
   105 | D:1      | Reached XP level 2. HP: 6/26 MP: 2/2
   779 | D:1      | Reached XP level 3. HP: 31/31 MP: 3/3
   885 | D:2      | Reached skill level 1 in Invocations
   956 | D:2      | Reached skill level 1 in Long Blades
   956 | D:2      | Reached skill level 1 in Maces & Flails
   956 | D:2      | Reached skill level 1 in Polearms
   956 | D:2      | Reached skill level 1 in Staves
   956 | D:2      | Reached skill level 1 in Ranged Weapons
   956 | D:2      | Reached skill level 1 in Throwing
   956 | D:2      | Reached skill level 1 in Stealth
   956 | D:2      | Reached skill level 1 in Shields
   956 | D:2      | Reached skill level 1 in Unarmed Combat
   956 | D:2      | Reached skill level 1 in Spellcasting
   956 | D:2      | Reached skill level 1 in Evocations
   963 | D:2      | Reached skill level 1 in Shapeshifting
   963 | D:2      | Reached XP level 4. HP: 18/38 MP: 5/5
  1667 | D:4      | Reached skill level 1 in Conjurations
  1667 | D:4      | Reached skill level 1 in Hexes
  1667 | D:4      | Reached skill level 1 in Summonings
  1667 | D:4      | Reached skill level 1 in Necromancy
  1667 | D:4      | Reached skill level 1 in Translocations
  1667 | D:4      | Reached skill level 1 in Transmutations
  1667 | D:4      | Reached skill level 1 in Fire Magic
  1667 | D:4      | Reached skill level 1 in Ice Magic
  1667 | D:4      | Reached skill level 1 in Air Magic
  1667 | D:4      | Reached skill level 1 in Earth Magic
  1667 | D:4      | Reached skill level 1 in Poison Magic
  1783 | D:3      | Found an ancient bone altar of Kikubaaqudgha.
  1955 | D:3      | Found a white marble altar of Elyvilon.
  1955 | D:3      | Found an ornate altar of the Wu Jian Council.
  2121 | D:3      | Found a faded altar of an unknown god.
  2310 | D:4      | Reached XP level 5. HP: 32/43 MP: 5/7
  2704 | D:4      | Noticed Robin
  2736 | D:4      | Killed Robin
  3222 | D:5      | Entered Level 5 of the Dungeon
  3241 | D:5      | Reached XP level 6. HP: 7/50 MP: 8/8
  3348 | D:5      | Reached skill level 5 in Fighting
  3348 | D:5      | Reached skill level 5 in Axes
  3348 | D:5      | Reached skill level 5 in Dodging
  3371 | D:5      | Found a blossoming altar of Fedhas.
  3376 | D:5      | Found a stormy altar of Qazlal.
  3437 | D:5      | Reached XP level 7. HP: 15/56 MP: 10/10
  3910 | D:6      | Identified the "Mesit"
  4119 | D:5      | Found a runed translucent door.
  4121 | D:5      | Noticed Xenophilius's ghost (amateur TeRe)
  4138 | D:5      | Reached skill level 7 in Short Blades
  4147 | D:5      | Slain by Xenophilius's ghost

Illustrated notes

Levels and vault maps discovered:
D:1:      minmay_arrival_diagonal_passages, layout_loops_cross,
          chequers_serial_rivers_large_b
D:2:      layout_basic, hangedman_decor_push
D:3:      layout_loops_cross, nicolae_kikubaaqudgha_miasma_corner,
          gammafunk_temple_overflow_elements, shapermc_ecumenical_altar_pompeii
D:4:      layout_gridville, hangedman_abyss_or_decor_lesser_grid, hex_large,
          uniq_robin
D:5:      layout_rooms, grunt_temple_overflow_forces_of_nature,
          ebering_ghost_sewer_d
D:6:      layout_rooms, nicolae_dithmenos_shadow_blocks,
          nicolae_sif_muna_condensation

Skill      XL: |  1  2  3  4  5  6  7 |
---------------+----------------------+-----
Invocations    | 1 2 |  2.6
Long Blades    | 1 2 |  2.4
Maces & Flails | 1 2 |  2.4
Polearms       | 1 2 |  2.4
Staves         | 1 2 |  2.4
Ranged Weapons | 1 2 |  2.4
Throwing       | 1 2 |  2.4
Stealth        | 1 2 |  2.4
Shields        | 1 2 |  2.4
Unarmed Combat | 1 2 |  2.4
Spellcasting   | 1 2 |  2.4
Evocations     | 1 2 |  2.4
Shapeshifting  | 1 2 |  2.2
Conjurations   | 1 2 |  2.0
Hexes          | 1 2 |  2.0
Summonings     | 1 2 |  2.0
Necromancy     | 1 2 |  2.0
Translocations | 1 2 |  2.0
Transmutations | 1 2 |  2.0
Fire Magic     | 1 2 |  2.0
Ice Magic      | 1 2 |  2.0
Air Magic      | 1 2 |  2.0
Earth Magic    | 1 2 |  2.0
Poison Magic   | 1 2 |  2.0
Armour         | 3 |  3.5
Fighting       | 5 |  5.2
Axes           | 5 |  5.2
Dodging        | 5 |  5.2
Short Blades   | 7 |  7.0

Action                     |  1- 3 |  4- 6 |  7- 9 || total
---------------------------+-------+-------+-------++-------
  Melee: Short sword       |    19 |       |       ||    19
         Dagger            |    76 |   206 |    21 ||   303
         Bite              |    11 |    16 |     4 ||    31
         Punch             |     1 |       |       ||     1
  Evoke: Wand              |       |       |     2 ||     2
    Use: Potion            |       |     1 |     1 ||     2
 Armour: Scale mail        |    55 |    78 |       ||   133
         Plate armour      |       |    61 |    16 ||    77
  Dodge: Dodged            |    48 |    79 |     3 ||   130

Table legend: (Time is in decaauts)
 A = Elapsed time spent in this place.
 B = Non-inter-level travel time spent in this place.
 C = Inter-level travel time spent in this place.
 D = Time resting spent in this place.
 E = Time spent auto-exploring this place.
 F = Levels seen in this place.
 G = Mean time per level.
                   A        B        C        D        E       F      G
               +--------+--------+--------+--------+--------+-----+--------+
         Total |   4090 |   4033 |     57 |    800 |   2348 |   6 |  681.7 |
       Dungeon |   4090 |   4033 |     57 |    800 |   2348 |   6 |  681.7 |
               +--------+--------+--------+--------+--------+-----+--------+

Top non-repeatable levels by time:
     D:4: 1009 daAuts
     D:1: 900 daAuts
     D:5: 806 daAuts
     D:2: 686 daAuts
     D:3: 685 daAuts
     D:6: 1 daAuts
